[Event "Late-Titled-Tuesday-Blitz-June-18-2024"]
[Site "Chess.com"]
[Date "2024.06.18"]
[Round "11"]
[White "HouseOfDurin"]
[Black "ploxoi"]
[Result "0-1"]
[WhiteElo "2334"]
[BlackElo "2487"]
[TimeControl "180+1"]
[EndTime "16:05:33 PDT"]
[Termination "ploxoi won by resignation"]

1. d4 d5 2. Bg5 Nf6 3. Bxf6 exf6 4. e3 Bd6 5. c4 c6 6. cxd5 cxd5 7. Nc3 Be6 8. a3 O-O 9. g3 a5 10. Bg2 Qb6 11. Rb1 Qc6 12. Qb3 a4 13. Qa2 Ra5 14.
Nge2 Nd7 15. O-O f5 16. Rfc1 Qa6 17. Rc2 f4 18. gxf4 Bf5 19. Rbc1 Bxc2 20. Rxc2 Nf6 21.
Nxd5 Nxd5 22. Bxd5 Qd3 23. Be4 Qd1+ 24. Kg2 Re8 25.
b4 axb3 26. Qxb3 Qa1 27. Qxb7 Qxa3 28. Rc8 Rxc8 29. Qxc8+ Bf8 30. Bxh7+ Kxh7 31. Ng3 g6 32. Ne4 Kg7 33. Ng5 Be7 34. Nf3 Qd6 35. Ne5 Qd5+ 36. Kg3 Ra1 37. Qe8 Rg1+ 0-1

[Event "Late-Titled-Tuesday-Blitz-June-18-2024"]
[Site "Chess.com"]
[Date "2024.06.18"]
[Round "11"]
[White "Gyulamiryan-koryun"]
[Black "Roland_Garros_2024"]
[Result "0-1"]
[WhiteElo "1674"]
[BlackElo "2209"]
[TimeControl "180+1"]
[EndTime "16:05:40 PDT"]
[Termination "Roland_Garros_2024 won on time"]

1. e4 c5 2. Nf3 d6 3. d4 cxd4 4. Nxd4 Nf6 5. Nc3 a6 6. Be3 e5 7. Nb3 Be6 8. f3 Be7 9. Qd2 h5 10. O-O-O Nbd7 11. f4 Rc8 12. f5 Bc4 13. Nd5 Nxe4 14.
Qe1 Bxd5 15. Rxd5 Qc7 16. Bd3 Ndf6 17. Ra5 d5 18. Bd2 O-O 19. h3 Nxd2 20. Qxd2 e4 21. Be2 Bb4 22. c3 Bxa5 23. Nxa5 Qxa5 24. Kb1 Rfd8 25. Qd4 Qc5 26. g4 Qxd4 27. cxd4 hxg4 28. hxg4 g5 29. fxg6 fxg6 30. g5 Nh5 31. Bg4 Rc7 32.
Be6+ Kg7 33. Rf1 Rd6 34. Bg4 Rf7 0-1

[Event "Late-Titled-Tuesday-Blitz-June-18-2024"]
[Site "Chess.com"]
[Date "2024.06.18"]
[Round "11"]
[White "zverr1"]
[Black "HamedWafa4"]
[Result "0-1"]
[WhiteElo "2539"]
[BlackElo "2661"]
[TimeControl "180+1"]
[EndTime "16:05:43 PDT"]
[Termination "HamedWafa4 won by checkmate"]

1. e4 e6 2. d4 d5 3. Nc3 a6 4.
Nf3 Nc6 5. a3 Nf6 6. Bg5 Be7 7.
e5 Ne4 8. Bxe7 Qxe7 9. Bd3 Nxc3 10. bxc3 Bd7 11. O-O Na5 12. a4 O-O 13. Qe2 g6 14. c4 Qe8 15. cxd5 exd5 16. Qd2 b6 17. Qh6 Qe7 18.
Rfe1 f5 19. exf6 Qxf6 20. Re5 Bg4 21. Ng5 Qg7 22. Qxg7+ Kxg7 23. Rae1 Nc6 24. Rxd5 Rae8 25. Rxe8 Rxe8 26. f3 Bc8 27. Be4 h6 28. Nh3 Be6 29.
Re5 Nxe5 30. dxe5 Bxh3 31. gxh3 Rxe5 32. Bd3 b5 33. axb5 a5 34. Kf2 a4 35. f4 a3 36.
fxe5 a2 37. b6 cxb6 38. e6 a1=Q 39. e7 Kf7 40. Bxg6+ Kxe7 41. Bd3 Qc1 42. Kg3 b5 43. h4 b4 44. h5 b3 45. cxb3 Qe3+ 46. Kg4 Qxd3 47. h4 Kf6 48. b4 Qe4+ 49. Kg3 Qe3+ 50. Kg4 Qe4+ 51. Kg3 Kf5 52. b5 Qe3+ 53. Kg2 Kg4 54. b6 Qe2+ 55. Kh1 Kg3 56. b7 Qe1# 0-1

[Event "Late-Titled-Tuesday-Blitz-June-18-2024"]
[Site "Chess.com"]
[Date "2024.06.18"]
[Round "11"]
[White "PapaieDudu"]
[Black "LUISMIGUELOV"]
[Result "0-1"]
[WhiteElo "2363"]
[BlackElo "2229"]
[TimeControl "180+1"]
[EndTime "16:05:44 PDT"]
[Termination "LUISMIGUELOV won by checkmate"]

1. Nf3 d5 2. d4 c6 3. c4 Bg4 4. Nc3 Bxf3 5. gxf3 e6 6. a4 g6 7.
e4 Ne7 8. Bg5 Qa5 9. Bf6 Rg8 10. Rc1 Nd7 11. Bg5 dxe4 12. Bd2 exf3 13. b4 Qh5 14. Ne4 Nf5 15. Bf4 Bxb4+ 16. Nc3 O-O-O 17.
Qb3 a5 18. Be3 Nxe3 19. fxe3 Qh4+ 20. Kd2 e5 21. Kc2 exd4 22. exd4 Qxd4 23. Rd1 Qxc3+ 24.
Qxc3 Bxc3 25. Kxc3 Nc5 26. Bh3+ f5 27. Rhf1 Rxd1 28.
Rxd1 Rd8 29. Rf1 Ne4+ 30. Kc2 Rd2+ 31. Kc1 Rxh2 32. Rxf3 Ra2 33. Re3 Kc7 34. Kb1 Rxa4 35. Bf1 Rb4+ 36. Kc2 c5 37. Rh3 h5 38. Rh2 Nd6 39.
Rg2 Nxc4 40. Re2 f4 41. Kc3 Ne3 42. Bh3 g5 43. Be6 Re4 44. Bb3 Nd5+ 45. Bxd5 Rxe2 46. Kc4 Rc2+ 47. Kb5 b6 48. Bb3 Rb2 49. Ka4 Rxb3 50. Kxb3 h4 51. Ka4 h3 52. Kb5 h2 53. Ka6 h1=Q 54.
Kb5 Qc6+ 55. Ka6 Qb7+ 56. Kb5 f3 57. Kc4 f2 58. Kb5 f1=Q+ 59. Ka4 Qa1+ 60. Kb5 Qb2+ 61. Ka4 Qb4# 0-1

[Event "Late-Titled-Tuesday-Blitz-June-18-2024"]
[Site "Chess.com"]
[Date "2024.06.18"]
[Round "11"]
[White "cthulhuuu"]
[Black "th3d4rkness"]
[Result "0-1"]
[WhiteElo "2395"]
[BlackElo "2260"]
[TimeControl "180+1"]
[EndTime "16:05:46 PDT"]
[Termination "th3d4rkness won by checkmate"]

1. e4 c5 2. Nf3 Nc6 3. d3 g6 4. g3 Bg7 5. Bg2 d6 6. O-O Bg4 7. h3 Bd7 8. Re1 Qc8 9. Kh2 Nf6 10. c3 O-O 11. d4 cxd4 12. cxd4 e5 13. d5 Nd4 14.
Nxd4 exd4 15. Nd2 a5 16. Nb3 Ba4 17. Kg1 Nd7 18. Bg5 Re8 19. Rc1 Nc5 20. Qd2 Bxb3 21. axb3 Qd7 22. Qd1 h6 23. Bf4 g5 24. Bd2 Nd3 25.
f4 Nxe1 26. Qxe1 gxf4 27. gxf4 b6 28. Qh4 Rac8 29. Rf1 Qe7 30. Qh5 Rc2 31. Rf2 d3 32.
e5 dxe5 33. f5 Qf6 34. Be4 Rxb2 35. Rg2 Rxd2 36. Rxd2 Rc8 37. Rxd3 Rc1+ 38. Kg2 Rc2+ 39. Kf3 Qd6 40. Kg3 Qc5 41. Kf3 Qf2+ 42. Kg4 Qf4# 0-1

[Event "Late-Titled-Tuesday-Blitz-June-18-2024"]
[Site "Chess.com"]
[Date "2024.06.18"]
[Round "11"]
[White "evgchess5"]
[Black "SpeedofLight0"]
[Result "0-1"]
[WhiteElo "2923"]
[BlackElo "3039"]
[TimeControl "180+1"]
[EndTime "16:05:51 PDT"]
[Termination "SpeedofLight0 won on time"]

1. e4 b6 2. d4 Bb7 3. Bd3 e6 4. Nf3 Nf6 5. Qe2 d5 6. e5 Nfd7 7.
O-O Qc8 8. Ng5 Be7 9. Nxh7 c5 10.
Qh5 g6 11. Bxg6 fxg6 12. Qxg6+ Kd8 13. Ng5 Nf8 14. Qg7 Rh4 15. Nf7+ Kc7 16. Nc3 Ba6 17.
Bg5 Rh7 18. Qg8 Qe8 19. Nd6 Qh5 20. Bf4 Qg6 21. Nxd5+ exd5 22. Qxd5 Nc6 0-1

[Event "Late-Titled-Tuesday-Blitz-June-18-2024"]
[Site "Chess.com"]
[Date "2024.06.18"]
[Round "11"]
[White "alexrustemov"]
[Black "Statham_01"]
[Result "1-0"]
[WhiteElo "2853"]
[BlackElo "2729"]
[TimeControl "180+1"]
[EndTime "16:05:54 PDT"]
[Termination "alexrustemov won by resignation"]

1. d4 d5 2. c4 Nc6 3. Nf3 Bg4 4. cxd5 Bxf3 5. gxf3 Qxd5 6. e3 e5 7. Nc3 Bb4 8. Bd2 Bxc3 9. bxc3 Qd6 10. Rb1 Rb8 11. Bg2 Nge7 12. f4 exf4 13. e4 O-O 14. Qf3 Ng6 15.
h4 Nce5 16. Qe2 h5 17. Qxh5 Nd3+ 18. Kf1 c5 19. Qe2 f3 20. Bxf3 Ndf4 21. Qe3 cxd4 22. cxd4 Qa6+ 23. Kg1 Qxa2 24. Rd1 Rbe8 25. h5 Nd5 26. Qg5 Qb3 27. Kg2 Nde7 28. hxg6 fxg6 29. Be3 Qf7 30. Bg4 Nc6 31. Qd5 Qxd5 32. exd5 Ne7 33. Be6+ Rf7 34. Rh3 Nf5 35. Rdh1 Nh6 36. Bxh6 gxh6 37. Rxh6 1-0

[Event "Late-Titled-Tuesday-Blitz-June-18-2024"]
[Site "Chess.com"]
[Date "2024.06.18"]
[Round "11"]
[White "Slovineanu"]
[Black "Meri-Arabidze"]
[Result "0-1"]
[WhiteElo "2564"]
[BlackElo "2688"]
[TimeControl "180+1"]
[EndTime "16:05:56 PDT"]
[Termination "Meri-Arabidze won by resignation"]

1. d4 Nf6 2. Nf3 e6 3. c4 Bb4+ 4. Nbd2 O-O 5. e3 b6 6. Bd3 Bb7 7. O-O d5 8. a3 Bd6 9. b4 c6 10. Bb2 Nbd7 11. Qe2 c5 12. dxc5 bxc5 13. b5 h6 14. a4 a6 15. Nb3 axb5 16. axb5 Nb6 17. Ne5 Na4 18. Nc6 Bxc6 19. Bxf6 Qxf6 20. bxc6 Nc3 21.
Qf3 Qe5 22. g3 Rac8 23. Na5 Rc7 24. Rfc1 Rfc8 25. Ra3 d4 26. exd4 cxd4 27. Rb3 Qxa5 28. Rb7 Qc5 29. Ra1 Qxc6 30. Qxc6 Rxc6 31. Raa7 R6c7 32.
Rxc7 Bxc7 33. Be4 Nxe4 0-1

[Event "Late-Titled-Tuesday-Blitz-June-18-2024"]
[Site "Chess.com"]
[Date "2024.06.18"]
[Round "11"]
[White "KamilaHryshchenko"]
[Black "kalinchick"]
[Result "0-1"]
[WhiteElo "2173"]
[BlackElo "2373"]
[TimeControl "180+1"]
[EndTime "16:05:56 PDT"]
[Termination "kalinchick won on time"]

1. e4 e6 2. d4 d5 3. Nc3 dxe4 4. Nxe4 Nd7 5. Bg5 Ngf6 6. Nf3 Be7 7. Bxf6 Nxf6 8. Bd3 O-O 9. Qd2 Rb8 10. h4 b5 11.
Nxf6+ Bxf6 12. Ng5 h6 13. Nh7 Re8 14. Nxf6+ Qxf6 15.
O-O-O Bb7 16. f3 Bd5 17. Kb1 b4 18. Rdf1 Kf8 19. Qe3 Rb6 20. g4 e5 21. g5 Qf4 22. Qf2 Qxd4 23. Qg3 Qf4 24. Qg2 h5 25. g6 f6 26. Rh3 a5 27. Qe2 a4 28. Be4 Be6 29. Qf2 Bxh3 0-1

[Event "Late-Titled-Tuesday-Blitz-June-18-2024"]
[Site "Chess.com"]
[Date "2024.06.18"]
[Round "11"]
[White "Hikaru"]
[Black "wonderfultime"]
[Result "1-0"]
[WhiteElo "3301"]
[BlackElo "3059"]
[TimeControl "180+1"]
[EndTime "16:06:00 PDT"]
[Termination "Hikaru won by resignation"]

1. d4 d5 2. c4 c6 3. Nf3 Nf6 4. e3 a6 5. Bd3 Bg4 6. Qb3 b5 7. cxd5 Bxf3 8. gxf3 Qxd5 9. Nd2 Nbd7 10. a4 Rb8 11.
axb5 axb5 12. Qc2 e5 13. O-O Bb4 14. Ne4 exd4 15. Nxf6+ gxf6 16. Be4 Qh5 17. f4 Nc5 18. Bxc6+ Kf8 19. exd4 Ne6 20. Qe4 Qh3 21. Be3 Bd6 22. Kh1 Qh4 23. Bd5 Bxf4 24. Bxf4 Qxf4 25. Qxf4 Nxf4 26.
Bb3 Rd8 27. Ra7 Ne6 28. Bxe6 fxe6 29. Re1 Rxd4 30. Ra8+ Kg7 31. Rg1+ 1-0

[Event "Late-Titled-Tuesday-Blitz-June-18-2024"]
[Site "Chess.com"]
[Date "2024.06.18"]
[Round "11"]
[White "JoakimVonAnd"]
[Black "subham777"]
[Result "1-0"]
[WhiteElo "2744"]
[BlackElo "2620"]
[TimeControl "180+1"]
[EndTime "16:06:00 PDT"]
[Termination "JoakimVonAnd won by resignation"]

1. d4 d5 2. c4 e6 3. Nc3 Nf6 4.
cxd5 exd5 5. Bg5 c6 6. e3 Bd6 7. Bd3 O-O 8. Qc2 h6 9. Bh4 a5 10. Nf3 Na6 11. a3 Re8 12. O-O Bg4 13. Nd2 Bd7 14. h3 g5 15. Bg3 Bxg3 16. fxg3 Rxe3 17. g4 Qe7 18. Nf3 c5 19. Rad1 c4 20. Bf5 Nc7 21. Ne5 Bxf5 22. Qxf5 Kg7 23. Rf2 Rd8 24.
Rdf1 Rd6 25. Qc8 Nce8 26. Nb5 Rd8 27. Qf5 Rb3 28. a4 Re3 29. h4 Ne4 30. Qxf7+ Qxf7 31. Rxf7+ Kg8 32. Rf8+ Kh7 33. R1f7+ Ng7 34. Rxd8 Re1+ 35. Kh2 gxh4 36. Rdd7 1-0

[Event "Late-Titled-Tuesday-Blitz-June-18-2024"]
[Site "Chess.com"]
[Date "2024.06.18"]
[Round "11"]
[White "aot317"]
[Black "DeArron_Fox"]
[Result "0-1"]
[WhiteElo "2539"]
[BlackElo "2475"]
[TimeControl "180+1"]
[EndTime "16:06:00 PDT"]
[Termination "DeArron_Fox won on time"]

1. d4 d5 2. c4 e6 3. Nf3 Nf6 4. g3 Be7 5. Bg2 O-O 6. O-O c6 7. b3 b6 8. Ba3 Ba6 9. Bxe7 Qxe7 10. Ne5 Nfd7 11. cxd5 cxd5 12. Nd3 Nc6 13. e3 Nb4 14. Nxb4 Qxb4 15. Re1 Rac8 16. a3 Qd6 17. Ra2 Nf6 18. Rc2 Ne4 19. Bxe4 dxe4 20. Qd2 Rxc2 21. Qxc2 Bd3 22.
Qc3 h5 23. b4 h4 24. Nd2 Qd5 25. Rc1 Qf5 26. f3 exf3 27. Kf2 Be2 28. e4 Qh3 29. gxh4 Qxh2+ 30. Ke3 f5 31. exf5 Rxf5 32. Qc8+ Kh7 33. Qc7 Qxh4 34. Rg1 Qh6+ 35. Kf2 Qf6 36. Ne4 Qxd4+ 0-1

[Event "Late-Titled-Tuesday-Blitz-June-18-2024"]
[Site "Chess.com"]
[Date "2024.06.18"]
[Round "11"]
[White "JEHUBNER"]
[Black "RamonManon0g"]
[Result "0-1"]
[WhiteElo "2086"]
[BlackElo "2476"]
[TimeControl "180+1"]
[EndTime "16:06:00 PDT"]
[Termination "RamonManon0g won by resignation"]

1. e4 c5 2. c3 d5 3. exd5 Qxd5 4. d4 Nf6 5. Nf3 Nc6 6. Be2 Bf5 7. O-O cxd4 8.
cxd4 e6 9. Nc3 Qd8 10. Bg5 Be7 11. Bb5 O-O 12. Bxc6 bxc6 13. Ne5 Qd6 14. Be3 c5 15. Nb5 Qb6 16. Qe2 cxd4 17. Nxd4 Bg6 18. Nf5 Qb7 19. Nxe7+ Qxe7 20. Nxg6 hxg6 21. Rfd1 Nd5 22.
Rd2 Rfc8 23. Rad1 Rab8 24. g3 Qf6 25. b3 Nc3 26. Qa6 Nxd1 27. Rxd1 Rd8 28. Rc1 e5 29.
Rc6 Qf3 30. Rc1 Rd1+ 31. Rxd1 Qxd1+ 32. Kg2 Qd5+ 33. Kh3 Qe6+ 34. Qxe6 fxe6 35. Kg4 a6 36. Bc5 Rd8 37. a4 Rd5 38. b4 a5 39. Kg5 Kf7 40.
f3 axb4 41. Bxb4 Rd4 42. Bd6 Rxd6 0-1

[Event "Late-Titled-Tuesday-Blitz-June-18-2024"]
[Site "Chess.com"]
[Date "2024.06.18"]
[Round "11"]
[White "esskeettit"]
[Black "RantomOpening"]
[Result "1-0"]
[WhiteElo "2535"]
[BlackElo "2607"]
[TimeControl "180+1"]
[EndTime "16:06:04 PDT"]
[Termination "esskeettit won by resignation"]

1. d4 c5 2. d5 e5 3. c4 d6 4. Nc3 f5 5. e4 Nf6 6. Bd3 f4 7. g3 Bg4 8. f3 fxg3 9. hxg3 Bh5 10.
Be3 Be7 11. Qd2 O-O 12. O-O-O a6 13. g4 Bg6 14. Nh3 b5 15. Ng5 Qa5 16. Ne6 Rf7 17. Kb1 Nbd7 18. cxb5 axb5 19. Bxb5 Nb6 20. Bc6 Ra7 21.
Qd3 Nfd7 22. Rhf1 Nb8 23. Qb5 Nxc6 24. dxc6 Nc8 25. Qxa5 Rxa5 26. Nd5 Rxf3 27. Rxf3 Bxe4+ 28. Kc1 Bxf3 29. Nxe7+ Nxe7 30. Rxd6 Bxc6 31. Bxc5 Rxa2 32. Rd8+ Kf7 33. Ng5+ Kg6 34. Bxe7 Ra1+ 35. Kd2 Rf1 36. Rd6+ Rf6 37. Bxf6 gxf6 38. Rxc6 Kxg5 39. b4 Kxg4 40. Rxf6 h5 41. b5 Kg5 42. Rf8 h4 43. b6 Kg6 44.
Rh8 Kf5 45. Rxh4 Ke6 46. b7 Kd6 47. b8=Q+ 1-0

[Event "Late-Titled-Tuesday-Blitz-June-18-2024"]
[Site "Chess.com"]
[Date "2024.06.18"]
[Round "11"]
[White "Bob_2004"]
[Black "vesalhamedinia"]
[Result "1-0"]
[WhiteElo "2726"]
[BlackElo "2488"]
[TimeControl "180+1"]
[EndTime "16:06:08 PDT"]
[Termination "Bob_2004 won by resignation"]

1. d4 d5 2. Nf3 Nf6 3. c4 e6 4.
Bg5 Be7 5. e3 h6 6. Bh4 O-O 7.
Nbd2 c5 8. dxc5 Bxc5 9. cxd5 exd5 10. Bd3 Nc6 11. O-O Bg4 12. h3 Be6 13. Rc1 Be7 14.
Nb3 Qb6 15. Bb1 Rfe8 16. a3 Rad8 17. Qd3 Ne4 18. Bxe7 Nxe7 19. Nfd4 Ng6 20. Rfd1 Bd7 21. Qe2 Ba4 22. Bxe4 dxe4 23. Qc4 Rxd4 24. Nxd4 Bxd1 25. Rxd1 Qxb2 26. Qa4 Rc8 27. Qxa7 Rc1 28. Rxc1 Qxc1+ 29. Kh2 Qc7+ 30. g3 Ne5 31. Qa4 Nd3 32. Qe8+ Kh7 33.
Qxe4+ g6 34. Qxd3 Qd6 35. Qe4 Qxa3 36. Qxb7 Qa2 37. Kg2 h5 38. Qf3 Kg7 39. Qe4 Qb2 40.
Nc2 Kh7 41. Ne1 Qe2 42. Nf3 Qb5 43. Qf4 Qd5 44. e4 Qb3 45. Qe5 Qa2 46. Qd5 Qb2 47.
Qxf7+ 1-0

[Event "Late-Titled-Tuesday-Blitz-June-18-2024"]
[Site "Chess.com"]
[Date "2024.06.18"]
[Round "11"]
[White "enriquebutti"]
[Black "nitpicker"]
[Result "1-0"]
[WhiteElo "2132"]
[BlackElo "2331"]
[TimeControl "180+1"]
[EndTime "16:06:08 PDT"]
[Termination "enriquebutti won on time"]

1. Nf3 Nf6 2. c4 e6 3. Nc3 d5 4.
d4 Bb4 5. cxd5 exd5 6. Bg5 Nbd7 7. e3 O-O 8. Bd3 Re8 9. O-O c6 10. Qc2 h6 11. Bh4 Bd6 12. Rab1 b6 13. e4 g5 14. Bg3 Bxg3 15. fxg3 dxe4 16. Nxe4 Nxe4 17. Bxe4 Bb7 18.
Rbe1 Rc8 19. Kh1 Kg7 20. Bf5 Rc7 21. Ne5 Nxe5 22. dxe5 c5 23. e6 f6 24. Bh7 Qe7 25.
Qg6+ Kh8 26. Rxf6 Qxf6 27. Qxf6+ Kxh7 28. e7 Bd5 29. Qf5+ Kg7 30. Qxd5 Rcxe7 31. Rxe7+ Rxe7 32. h3 Kg6 33. Qd6+ Kf7 34. Qxh6 1-0

[Event "Late-Titled-Tuesday-Blitz-June-18-2024"]
[Site "Chess.com"]
[Date "2024.06.18"]
[Round "11"]
[White "teresin05"]
[Black "CFalcons8"]
[Result "1-0"]
[WhiteElo "2303"]
[BlackElo "2427"]
[TimeControl "180+1"]
[EndTime "16:06:09 PDT"]
[Termination "teresin05 won by resignation"]

1. e4 c5 2. Nf3 d6 3. d4 cxd4 4.
Nxd4 Nf6 5. f3 e5 6. Nb3 Be6 7. c4 Be7 8. Nc3 a5 9. Be3 a4 10. Nd2 Qa5 11. Be2 Nc6 12. O-O O-O 13. Nd5 Bxd5 14.
cxd5 Nb8 15. Nc4 Qd8 16. Nb6 Ra5 17. Nxa4 Nbd7 18. b4 Ra8 19. a3 Qb8 20. Nc3 Rc8 21.
Qd2 Bd8 22. Rfc1 Bb6 23. Nb5 Rxc1+ 24. Qxc1 Ne8 25. Bxb6 Nxb6 26. Qc2 Qc8 27. Qxc8 Rxc8 28. Bd3 Na4 29. Kf2 Kf8 30. Ke3 Ke7 31. Kd2 Nc7 32. Rc1 Kd8 33. Nxd6 Ra8 34. Nxf7+ Kd7 35. Nxe5+ Kd6 36. Nc4+ Kd7 37. Bc2 b5 38. Bxa4 bxa4 39.
Nb6+ 1-0

[Event "Late-Titled-Tuesday-Blitz-June-18-2024"]
[Site "Chess.com"]
[Date "2024.06.18"]
[Round "11"]
[White "szefru"]
[Black "AldokhinIvan"]
[Result "0-1"]
[WhiteElo "2376"]
[BlackElo "2663"]
[TimeControl "180+1"]
[EndTime "16:06:10 PDT"]
[Termination "AldokhinIvan won by resignation"]

1. e4 c5 2. Nf3 e6 3. b3 b6 4. Bb2 Bb7 5. d3 Nf6 6. e5 Nd5 7. c4 Nf4 8. g3 Ng6 9. Bg2 Nc6 10. O-O d5 11. h4 d4 12. Qe2 Qc7 13.
Re1 Be7 14. h5 Nf8 15. Nbd2 Nd7 16. a3 a5 17. Rab1 O-O 18. Bc1 h6 19. g4 Rae8 20.
Nf1 f5 21. exf6 Bxf6 22. g5 hxg5 23. Bxg5 Bxg5 24. Nxg5 Nce5 25. Ng3 Rf5 26. N3e4 Qd8 27. Qd2 Qe7 28. f4 Ng4 29. Bh3 Ne3 30. Bxf5 exf5 31. Ng3 Nf6 32. Qf2 Nfg4 33. Qd2 Qd6 34. Rf1 Qc6 35.
Rbe1 Nf6 36. Rf2 Nxh5 37. N3e4 fxe4 38. dxe4 Nf6 39. Rh2 Nxe4 40. Nxe4 Qxe4 41. Qf2 Qg6+ 0-1

[Event "Late-Titled-Tuesday-Blitz-June-18-2024"]
[Site "Chess.com"]
[Date "2024.06.18"]
[Round "11"]
[White "NovakRatko"]
[Black "noblerone"]
[Result "1-0"]
[WhiteElo "2421"]
[BlackElo "2509"]
[TimeControl "180+1"]
[EndTime "16:06:10 PDT"]
[Termination "NovakRatko won by resignation"]

1. d4 e6 2. c4 d5 3. Nc3 Nf6 4. cxd5 exd5 5. f3 c5 6. e3 cxd4 7. exd4 Nc6 8. Bb5 Be7 9. Nge2 O-O 10. O-O Qb6 11. Be3 Re8 12. Bf2 a6 13. Bxc6 bxc6 14. Qd2 Bb4 15. Ng3 Be6 16. Qd3 g6 17. a3 Bd6 18. b4 a5 19. Na4 Qb5 20. Qxb5 cxb5 21. Nc5 axb4 22. axb4 Nd7 23. Ne2 Rab8 24. Nc3 Bf8 25. Ra5 Nb6 26. Rxb5 Nc4 27. Rxb8 Rxb8 28.
b5 Nd6 29. Rb1 Nc8 30. N3a4 Bd6 31. Nxe6 fxe6 32. Nc5 Kf7 33. Nd7 Rb7 34. Nc5 Rb8 35. Nd7 Rb7 36. Ne5+ Ke8 37. Nc6 Kf7 38. g3 Ke8 39. f4 Ne7 40. Ne5 Nf5 41. Kg2 Bc7 42. g4 Nd6 43. Nd3 Rxb5 44. Ra1 Rb3 45. Nc5 Kf7 46.
Nxb3 Ne4 47. Ra7 Kf6 48. Rxc7 h5 49. gxh5 gxh5 50. Nc5 Nd2 51. Rc6 Kf5 52. Nxe6 h4 53. h3 Nf3 54. Kxf3 1-0

[Event "Late-Titled-Tuesday-Blitz-June-18-2024"]
[Site "Chess.com"]
[Date "2024.06.18"]
[Round "11"]
[White "betta2004"]
[Black "bazar-wokzal"]
[Result "1-0"]
[WhiteElo "2495"]
[BlackElo "2575"]
[TimeControl "180+1"]
[EndTime "16:06:11 PDT"]
[Termination "betta2004 won by checkmate"]

1. Nf3 c5 2. b3 Nc6 3. Bb2 d5 4. e3 a6 5. d4 Bg4 6. Nbd2 Nf6 7. h3 Bh5 8. Bd3 e6 9. g4 Bg6 10. Ne5 Qc7 11. Bxg6 hxg6 12. f4 cxd4 13. exd4 Rc8 14. a3 Nd7 15. Rc1 Ncxe5 16. fxe5 Be7 17. Nf3 f6 18.
Qd3 Rh6 19. O-O fxe5 20. Nxe5 Nxe5 21. dxe5 Bg5 22. Rf2 Qc5 23. Bd4 Qxa3 24. Rcf1 Rc7 25. Bb6 Rc6 26. Bd4 Be7 27. Rf7 Qb4 28. Kg2 Qb5 29. Qd2 Qb4 30. c3 Qxb3 31. Qf2 Kd7 32.
Rxe7+ Kxe7 33. Qf8+ Kd7 34. Rf7# 1-0

[Event "Late-Titled-Tuesday-Blitz-June-18-2024"]
[Site "Chess.com"]
[Date "2024.06.18"]
[Round "11"]
[White "Patolindo"]
[Black "CheckBits"]
[Result "0-1"]
[WhiteElo "2169"]
[BlackElo "2380"]
[TimeControl "180+1"]
[EndTime "16:06:11 PDT"]
[Termination "CheckBits won on time"]

1. d4 Nf6 2. c4 e6 3. Nf3 b6 4. a3 Bb7 5. Nc3 Be7 6. d5 d6 7. e4 e5 8. Bd3 O-O 9. O-O Nbd7 10. b4 Nh5 11. Ne1 Nf4 12. Bc2 g6 13. Nd3 Nxd3 14. Bxd3 Bg5 15. Bb2 Nf6 16. Rb1 a5 17. c5 axb4 18.
axb4 Nh5 19. c6 Bc8 20. Be2 Nf4 21. Bg4 f5 22. Bf3 fxe4 23. Nxe4 Bf5 24. Ra1 Qe7 25. g3 Rxa1 26. Bxa1 Nh3+ 27. Kg2 Bh6 28. Qe2 Qf7 29. Bg4 Ng5 30. Nxg5 Bxg5 31. h4 Qxd5+ 0-1

[Event "Late-Titled-Tuesday-Blitz-June-18-2024"]
[Site "Chess.com"]
[Date "2024.06.18"]
[Round "11"]
[White "GlavkonVVS"]
[Black "Romkachess"]
[Result "1-0"]
[WhiteElo "2537"]
[BlackElo "2490"]
[TimeControl "180+1"]
[EndTime "16:06:12 PDT"]
[Termination "GlavkonVVS won on time"]

1. c4 e5 2. Nc3 Nc6 3. g3 g6 4.
Bg2 Bg7 5. d3 Nge7 6. Nf3 O-O 7.
O-O d6 8. Rb1 a5 9. a3 h6 10. b4 axb4 11. axb4 Kh7 12. b5 Nd4 13. Nd2 c6 14. e3 Ne6 15. bxc6 bxc6 16. Nb3 d5 17. cxd5 cxd5 18. d4 Ba6 19. Re1 e4 20. f3 Bd3 21. Rb2 f5 22. Bd2 Rb8 23. Na4 Ng5 24. f4 Ne6 25. Qa1 Nc6 26. Nbc5 Nexd4 27. exd4 Bxd4+ 28. Be3 Bxb2 29. Nxb2 Bb5 30. Ne6 Qf6 31.
Nxf8+ Rxf8 32. Bc5 Rd8 33. Qa3 d4 34. Qb3 Rb8 35.
Na4 d3 36. Nb6 d2 37. Rd1 Nd4 38. Qe3 Ne6 39. Nd5 Qb2 40. Bd6 Rc8 41. Be5 Qc2 42. Rxd2 Qc1+ 43. Kf2 Bd3 44. Nf6+ Kh8 45. Bb2 1-0

[Event "Late-Titled-Tuesday-Blitz-June-18-2024"]
[Site "Chess.com"]
[Date "2024.06.18"]
[Round "11"]
[White "EternalNight8"]
[Black "aexmi"]
[Result "0-1"]
[WhiteElo "2388"]
[BlackElo "2304"]
[TimeControl "180+1"]
[EndTime "16:06:13 PDT"]
[Termination "aexmi won by checkmate"]

1. e4 c5 2. Nf3 g6 3. d4 cxd4 4. Nxd4 Nc6 5. Be3 Bg7 6. Nc3 Nf6 7. Bc4 Qa5 8. O-O O-O 9. Bb3 d6 10. h3 a6 11. a4 Bd7 12. f4 Rac8 13. Qf3 Qh5 14. g4 Bxg4 15. hxg4 Nxg4 16. Rfd1 Qh2+ 17. Kf1 Nxe3+ 18. Qxe3 Nxd4 19. Rxd4 Bxd4 20. Qxd4 Qxf4+ 21. Ke2 Qg4+ 22. Kd2 Qg2+ 23. Ne2 Rc5 24. Rg1 Qh2 25. Qe3 Re5 26. Rf1 Qg2 27. Rf3 e6 28. Ke1 Rh5 29. Rf2 Qg5 30. Nf4 Rh1+ 31. Ke2 Qg4+ 32. Rf3 Rh2+ 33. Kd3 Rc8 34. Rg3 Qd1+ 35. Qd2 Qxd2# 0-1

[Event "Late-Titled-Tuesday-Blitz-June-18-2024"]
[Site "Chess.com"]
[Date "2024.06.18"]
[Round "11"]
[White "DanielNaroditsky"]
[Black "rasmussvane"]
[Result "1-0"]
[WhiteElo "3135"]
[BlackElo "2975"]
[TimeControl "180+1"]
[EndTime "16:06:15 PDT"]
[Termination "DanielNaroditsky won on time"]

1. Nf3 d5 2. g3 Nf6 3. Bg2 e6 4.
O-O Be7 5. d3 O-O 6. Nbd2 Nc6 7.
e4 dxe4 8. dxe4 e5 9. c3 a5 10. a4 Bc5 11. Qc2 Be6 12. Ng5 Bd7 13. Nc4 Qe7 14.
Ne3 Bxe3 15. Bxe3 h6 16. Nf3 Be6 17. Nh4 Rfd8 18. Nf5 Bxf5 19. exf5 e4 20. Rfe1 Rd5 21. Bf4 Re8 22. Qb3 b6 23. Bxe4 Rc5 24. Bf3 Qxe1+ 25. Rxe1 Rxe1+ 26. Kg2 Ne5 27. Be3 Rxe3 28. fxe3 Nxf3 29.
Kxf3 Rxf5+ 30. Ke2 Rc5 31. Qc2 Kf8 32. Qd3 Ke7 33.
b4 Rd5 34. Qc4 c5 35. bxa5 bxa5 36. Qb5 c4 37. Qxc4 Kd6 38. Qa6+ Ke7 39. c4 Re5 40.
Qb7+ Nd7 41. Kd2 h5 42. h3 Rg5 43. h4 Re5 44. Qc7 g6 45. Kd3 Rc5 46. Qa7 Kd6 47. Kd4 Rf5 48. e4 Rf1 49. c5+ 1-0

[Event "Late-Titled-Tuesday-Blitz-June-18-2024"]
[Site "Chess.com"]
[Date "2024.06.18"]
[Round "11"]
[White "BillCoe"]
[Black "Cuchulin"]
[Result "1-0"]
[WhiteElo "2117"]
[BlackElo "2258"]
[TimeControl "180+1"]
[EndTime "16:06:19 PDT"]
[Termination "BillCoe won on time"]

1. e4 c5 2. Nf3 Nc6 3. Bb5 g6 4. O-O Bg7 5. Re1 Nd4 6. Bf1 d6 7. c3 Nxf3+ 8. Qxf3 Nf6 9. d4 cxd4 10. cxd4 O-O 11.
Nc3 e5 12. d5 Bg4 13. Qe3 Bd7 14. a3 a6 15. b4 b5 16. Bb2 Qc7 17. Rec1 Qb7 18.
Rc2 Rac8 19. Rac1 Ng4 20. Qe2 f5 21. h3 Nf6 22. f3 Bh6 23. Re1 fxe4 24. fxe4 Nh5 25.
Bc1 Ng3 26. Qd3 Qb6+ 27. Kh2 Bf4 28. Bxf4 exf4 29. Rcc1 Qf2 30. Qf3 Qxf3 31. gxf3 Rc7 32. Ne2 Rfc8 33. Rxc7 Rxc7 34. Nxg3 fxg3+ 35. Kxg3 Rc3 36. e5 dxe5 37. Rxe5 Kf7 38. h4 Rxa3 39. d6 Be6 40. Rc5 1-0

[Event "Late-Titled-Tuesday-Blitz-June-18-2024"]
[Site "Chess.com"]
[Date "2024.06.18"]
[Round "11"]
[White "Zq1"]
[Black "Bykov_Egor"]
[Result "1-0"]
[WhiteElo "2503"]
[BlackElo "2615"]
[TimeControl "180+1"]
[EndTime "16:06:20 PDT"]
[Termination "Zq1 won by resignation"]

1. d4 Nf6 2. c4 e6 3. g3 d5 4. Bg2 c6 5. Qc2 Nbd7 6. Nf3 Bd6 7. Nbd2 e5 8. cxd5 Nxd5 9. dxe5 Nxe5 10. Nxe5 Bxe5 11. Nc4 Bf6 12. O-O O-O 13. a3 Nb6 14. Na5 Qc7 15. Bf4 Be5 16. Bxe5 Qxe5 17. b4 Bf5 18. e4 Bc8 19. Rad1 Re8 20. f4 Qe7 21. e5 Be6 22. Qc5 Bd5 23. Rfe1 Bxg2 24. Qxe7 Rxe7 25.
Kxg2 Nd5 26. Rd3 Rd8 27. Red1 Red7 28. Kf3 Kf8 29. Nc4 Ke7 30. Nd6 g6 31. Ne4 f6 32.
Nc5 Rc7 33. exf6+ Kxf6 34. b5 Re8 35. Nxb7 cxb5 36. Nd6 1-0